 Dungeon Crawl Stone Soup version 0.20.2-3-g29329e0561 (webtiles) character file.

198 Alfie the Skirmisher (level 5, -5/46 HPs)
             Began as a Hill Orc Fighter on Apr 9, 2024.
             Slain by Edmund
             ... wielding a +4 flail of protection
              (7 damage)
             ... on level 5 of the Dungeon.
             The game lasted 00:05:49 (1941 turns).

Alfie the Skirmisher (Hill Orc Fighter)             Turns: 1941, Time: 00:05:50

Health: -5/46      AC:  8    Str: 25    XL:     5   Next: 77%
Magic:  0/5        EV:  8    Int:  8    God:
Gold:   151        SH: 10    Dex: 12    Spells: 4/4 levels left

rFire    . . .     SeeInvis .   a - +0 rapier
rCold    . . .     Gourm    .   c - +0 shield
rNeg     . . .     Faith    .   b - +0 scale mail
rPois    .         Spirit   +   (no helmet)
rElec    .         Reflect  .   (no cloak)
rCorr    .         Harm     .   t - +0 pair of gloves
MR       .....                  (no boots)
Stlth    +.........             q - amulet of guardian spirit
Regen    0.2/turn               w - +2 ring of dexterity
MPRegen  0.1/turn               u - ring of stealth

@: mighty
A: no striking features
a: no special abilities


You were on level 5 of the Dungeon.
You were not hungry.

You visited 1 branch of the dungeon, and saw 4 of its levels.

You collected 151 gold pieces.

Inventory:

Hand Weapons
 a - a +0 rapier (weapon)
Missiles
 r - 8 tomahawks (quivered)
Armour
 b - a +0 scale mail (worn)
 c - a +0 shield (worn)
 t - a +0 pair of gloves (worn)
Jewellery
 o - an uncursed ring of ice
 q - an amulet of guardian spirit (around neck)
 u - a ring of stealth (right hand)
 w - a +2 ring of dexterity (left hand)
Wands
 s - a wand of random effects (18/48)
Scrolls
 e - 3 scrolls of identify {unknown}
 g - a scroll of teleportation {unknown}
 h - a scroll of amnesia {unknown}
 i - 2 scrolls of enchant armour {unknown}
 l - a scroll of enchant weapon {unknown}
 m - a scroll of remove curse {unknown}
Potions
 k - a potion of lignification {unknown}
 n - 2 potions of heal wounds {unknown}
 p - a potion of curing {unknown}
 v - a potion of invisibility
Comestibles
 f - 4 bread rations
 j - 2 meat rations


   Skills:
 + Level 4.2 Fighting
 + Level 4.0 Short Blades
 + Level 4.0 Armour
 + Level 0.8 Dodging
 + Level 0.5 Stealth
 + Level 4.2 Shields


You had 4 spell levels left.
You didn't know any spells.

Dungeon Overview and Level Annotations

Branches:
Dungeon (3/15)

Altars:
Trog
Yredelemnul

Annotations:
D:5 Edmund


Message History

Found a scroll labeled SIHAPU CERAE.
Edmund hits you with a flail of protection!
* * * LOW HITPOINT WARNING * * *
You hit Edmund but do no damage.
Edmund hits you with a flail of protection.
* * * LOW HITPOINT WARNING * * *
You hit Edmund.
Edmund is lightly wounded.
Edmund hits you but does no damage.
Your shield prevents you from hitting Edmund.
Edmund is lightly wounded.
Edmund hits you with a flail of protection.
* * * LOW HITPOINT WARNING * * *
You hit Edmund.
Edmund is lightly wounded.
Edmund barely misses you.
You hit Edmund but do no damage.
Edmund is lightly wounded.
Edmund hits you with a flail of protection!
You die...

#.##..# .# #.##..#
#.####
#.##..####....
#†##.........
#.##.#.###..#
#.##..#.##..#
#.##.###.#..#####.#
#.#.## ##..>......#
#....###...@.......
#####.#.###@#######
##.## #.# #.# #..
#.# #..# #.# #?..
#)# ##.## #.# ..
#.#


You could see Edmund.

Vanquished Creatures
  An iguana (D:5)
  7 gnolls
  3 adders
  2 worms (D:2)
  4 dart slugs
  A leopard gecko (D:2)
  2 orcs
  6 bats
  5 giant cockroaches
  13 goblins
  2 hobgoblins (D:1)
  3 jackals (D:2)
  A quokka (D:2)
  4 frilled lizards
  6 kobolds
  6 rats
66 creatures vanquished.

Notes
Turn   | Place    | Note
-------+----------+-------------------------------------------
     0 | D:1      | Alfie the Hill Orc Fighter began the quest for the Orb.
     0 | D:1      | Reached XP level 1. HP: 19/19 MP: 1/1
   145 | D:1      | Reached XP level 2. HP: 26/27 MP: 2/2
   547 | D:1      | Reached XP level 3. HP: 33/33 MP: 3/3
  1233 | D:2      | Reached XP level 4. HP: 30/40 MP: 4/4
  1620 | D:3      | Found a bloodstained altar of Trog.
  1678 | D:3      | Reached XP level 5. HP: 42/46 MP: 3/5
  1791 | D:3      | Found a basalt altar of Yredelemnul.
  1836 | D:3      | You fall through a shaft for 2 floors!
  1836 | D:5      | Entered Level 5 of the Dungeon
  1932 | D:5      | Noticed Edmund
  1937 | D:5      | HP: 2/46 [Edmund/flail of protection (4)]
  1941 | D:5      | Slain by Edmund

Skill      XL: |  1  2  3  4  5 |
---------------+----------------+-----
Fighting       | 4 |  4.2
Short Blades   | 3 4 |  4.0
Shields        | 4 |  4.2
Armour         | 4 |  4.0
Dodging        | |  0.8
Stealth        | |  0.5

Action                   |  1- 3 |  4- 6 || total
-------------------------+-------+-------++-------
Melee: Rapier            |   122 |   114 ||   236
Throw: Tomahawk          |       |     3 ||     3
  Use: Potion            |     3 |     1 ||     4
 Stab: Invisible         |     1 |       ||     1
  Eat: Royal jelly       |     1 |     1 ||     2
Armor: Scale mail        |    32 |    36 ||    68
Dodge: Dodged            |    29 |    33 ||    62
Block: Shield            |    63 |    49 ||   112
